 Dungeon Crawl Stone Soup version 0.21-a0-621-gc60411f (webtiles) character file.

783 slep the Slasher (level 7, 0/52 HPs)
             Began as a Demonspawn Gladiator on Dec 24, 2017.
             Killed from afar by an orc wizard (7 damage)
             ... with a puff of flame
             ... on level 5 of the Dungeon.
             The game lasted 00:16:43 (3730 turns).

slep the Slasher (Demonspawn Gladiator)             Turns: 3730, Time: 00:16:44

Health: 0/52       AC: 10    Str: 14    XL:     7   Next: 55%
Magic:  7/7        EV: 14    Int: 13    God:
Gold:   242        SH:  0    Dex: 16    Spells: 6/6 levels left

rFire    . . .     SeeInvis .   a - +0 long sword
rCold    . . .     Gourm    .   (no shield)
rNeg     . . .     Faith    .   b - +0 leather armour
rPois    .         Spirit   .   c - +0 helmet
rElec    .         Reflect  .   j - +2 cloak
rCorr    .         Harm     .   h - +1 pair of gloves
MR       .....                  r - +0 pair of boots
Stlth    ++........             (no amulet)
HPRegen  0.17/turn              z - +3 ring of intelligence
MPRegen  0.10/turn              (no ring)

@: no status effects
A: claws 2, powered by pain 1
a: no special abilities


You were on level 5 of the Dungeon.
You were hungry.

You visited 1 branch of the dungeon, and saw 5 of its levels.

You collected 242 gold pieces.

Inventory:

Hand Weapons
 a - a +0 long sword (weapon)
Missiles
 d - 3 throwing nets (quivered)
 k - 16 sling bullets
 p - 35 poisoned needles
Armour
 b - a +0 leather armour (worn)
 c - a +0 helmet (worn)
 h - a +1 pair of gloves (worn)
 j - a +2 cloak (worn)
 r - a +0 pair of boots (worn)
 s - a scarf of cloud immunity
Jewellery
 z - a +3 ring of intelligence (left hand)
Wands
 e - a wand of flame (29)
 v - a wand of scattershot (10)
Scrolls
 m - 2 scrolls of remove curse
Potions
 g - 2 potions of heal wounds
 l - a potion of agility {unknown}
 n - a potion of might
 o - a potion of curing
 q - 2 potions of berserk rage {unknown}
 x - a potion of cancellation {unknown}
Books
 u - a book of Conjurations

   Spells                             Type                      Level
   a - Magic Dart                     Conjuration                  1
   b - Searing Ray                    Conjuration                  2
   c - Dazzling Spray                 Conjuration/Hexes            3
   d - Fulminant Prism                Conjuration/Hexes            4
   e - Force Lance                    Conjuration/Translocation    4
   f - Iskenderun's Mystic Blast      Conjuration                  4
Comestibles
 f - 10 rations
 i - 2 chunks of flesh


   Skills:
 + Level 3.4 Fighting
 + Level 5.9 Long Blades
 + Level 1.9 Throwing
 + Level 2.6 Armour
 + Level 4.1 Dodging
 + Level 2.1 Stealth


You had 6 spell levels left.
You didn't know any spells.

Dungeon Overview and Level Annotations

Branches:
Dungeon (5/15)
 Temple: D:4-7

Altars:
Ashenzari
Fedhas
Makhleb
Ru
Sif Muna


Innate Abilities, Weirdness & Mutations

You have very sharp fingernails.
You sometimes gain a little power by taking damage.


Message History

Something hits you but does no damage.
You miss something.
You hear some strange, mumbled words.
Something tries to affect you, but you resist.
You miss something. Something hits you but does no damage.
You closely miss something. Something barely misses you.
You miss something. Something hits you but does no damage.
You closely miss something. Something hits you but does no damage.
You barely miss something. Something hits you but does no damage.
You closely miss something. Something hits you.
* * * LOW HITPOINT WARNING * * *
You miss something. Something hits you but does no damage.
The crimson imp blinks!
You closely miss something. Something hits you but does no damage.
You closely miss something. Something hits you.
* * * LOW HITPOINT WARNING * * *
You hear some strange, mumbled words.
A puff of flame appears from out of thin air!
The puff of flame hits you!
You die...

#...............
.#
#####.#.#####..#
#.#.#####..#
#..........#
#....#####.#
#..........#
#......#####
#.#.....#
#@##....#
##)###.#.#
###or#.###.#
#..oo§...##.
#......#..###
#..##......# #..
..#... #..
#...... ...
.#.#.#


You could see 3 orcs and a quokka.

Vanquished Creatures
  A sky beast (D:5)
  A phantom (D:4)
  An eye of draining (D:5)
  An ogre (D:4)
  A big kobold (D:3)
  A centaur skeleton (D:5)
  An orc priest (D:3)
  A hound (D:4)
  An orc wizard (D:5)
  4 worker ants
  A hound skeleton (D:5)
  6 adders
  3 gnolls (D:3)
  A shadow imp (D:5)
  A worm (D:2)
  A dart slug (D:3)
  5 leopard geckos
  7 orcs
  5 giant cockroaches
  4 goblins
  7 hobgoblins
  2 ball pythons
  8 bats
  4 frilled lizards
  9 kobolds
  7 rats
84 creatures vanquished.

Notes
Turn   | Place    | Note
-------+----------+-------------------------------------------
     0 | D:1      | slep the Demonspawn Gladiator began the quest for the Orb.
     0 | D:1      | Reached XP level 1. HP: 16/16 MP: 1/1
   190 | D:1      | Gained mutation: You sometimes gain a little power by taking damage. [demonic ancestry]
   190 | D:1      | Reached XP level 2. HP: 21/22 MP: 2/2
   520 | D:1      | Reached skill level 3 in Long Blades
   574 | D:1      | You fall through a shaft!
   655 | D:2      | Found a burning altar of Makhleb.
   700 | D:2      | Gained mutation: You have sharp fingernails. [demonic ancestry]
   700 | D:2      | Reached XP level 3. HP: 25/27 MP: 3/3
   931 | D:2      | Found a blossoming altar of Fedhas.
   931 | D:2      | Found a shattered altar of Ashenzari.
  1223 | D:3      | Reached XP level 4. HP: 33/33 MP: 4/4
  1632 | D:3      | Reached skill level 1 in Armour
  1632 | D:3      | Reached skill level 1 in Stealth
  1666 | D:3      | Reached skill level 4 in Long Blades
  1672 | D:3      | Gained mutation: You have very sharp fingernails. [demonic ancestry]
  1672 | D:3      | Reached XP level 5. HP: 17/39 MP: 5/5
  2145 | D:3      | Found a sacrificial altar of Ru.
  2350 | D:4      | Found a deep blue altar of Sif Muna.
  2413 | D:4      | Noticed a phantom
  2455 | D:4      | Killed a phantom
  2455 | D:4      | Reached XP level 6. HP: 29/47 MP: 6/6
  2523 | D:4      | Reached skill level 5 in Long Blades
  3432 | D:5      | Entered Level 5 of the Dungeon
  3437 | D:5      | Noticed a sky beast
  3459 | D:5      | HP: 2/47 [worker ant (3)]
  3467 | D:5      | Killed a sky beast
  3467 | D:5      | Reached XP level 7. HP: 14/52 MP: 0/7
  3730 | D:5      | Killed from afar by an orc wizard

Vault maps used:
D:1:      dpeg_arrival_tiny_c
D:2:      lemuel_crystal_altar, chequers_temple_overflow_statue_of_worship,
          kennysheep_pointless_box
D:3:      cheibrodos_thug_alley, overflow_temple_1_default
D:4:      led_sif_book
D:5:      first_ration, hangedman_decor_opposing

Skill      XL: |  1  2  3  4  5  6  7 |
---------------+----------------------+-----
Dodging        | 3 4 |  4.1
Long Blades    | 3 4 5 |  5.9
Armour         | 1 2 |  2.6
Stealth        | 1 2 |  2.1
Fighting       | 3 |  3.4
Throwing       | |  1.9

Action                   |  1- 3 |  4- 6 |  7- 9 || total
-------------------------+-------+-------+-------++-------
Melee: Long sword        |   117 |   175 |    98 ||   390
  Use: Scroll            |       |     8 |       ||     8
       Potion            |       |     2 |       ||     2
 Stab: Sleeping          |     5 |     2 |     1 ||     8
       Distracted        |       |     1 |       ||     1
  Eat: Chunk             |       |     8 |     1 ||     9
Armor: Leather armour    |    39 |    68 |    46 ||   153
Dodge: Dodged            |    98 |   128 |    49 ||   275
       Rpst.: Long sword |    26 |    34 |    14 ||    74

Table legend:
 A = Spawn XP
 B = Non-spawn XP
 C = Spawn XP percentage of total XP
 D = Spawn monster count
 E = Non-spawn monster count
 F = Spawn count percentage of total count
 G = Total turns spent on level
                    A         B        C        D         E        F      G
               +---------+---------+-------+---------+---------+-------+---------
         Total |       0 |    1119 |   0.0 |       0 |      84 |   0.0 |  3730
               +---------+---------+-------+---------+---------+-------+---------
           D:1 |       0 |      27 |   0.0 |       0 |      15 |   0.0 |   574
           D:2 |       0 |      69 |   0.0 |       0 |      21 |   0.0 |   615
           D:3 |       0 |     235 |   0.0 |       0 |      26 |   0.0 |  1013
           D:4 |       0 |     341 |   0.0 |       0 |       9 |   0.0 |  1230
           D:5 |       0 |     447 |   0.0 |       0 |      13 |   0.0 |   298
               +---------+---------+-------+---------+---------+-------+---------
